 Dungeon Crawl Stone Soup version 0.30-a0-847-g17996783a1 (webtiles) character file.

Game seed: 2933011062513084781

3964 Darius099 the Severer (level 10, 0/76 (78) HPs)
             Began as a Minotaur Fighter on Mar 4, 2023.
             Was a Priest of Okawaru.
             Slain by a wight
             ... wielding a +5 flail
              (7 damage)
             ... on level 8 of the Dungeon.
             The game lasted 00:16:54 (7944 turns).

Darius099 the Severer (Minotaur Fighter)            Turns: 7944, Time: 00:16:54

HP:   0/76 (78)     AC: 12    Str: 25    XL:     10   Next: 2%
MP:   9/9           EV:  6    Int:  5    God:    Okawaru [***...]
Gold: 468           SH:  4    Dex: 10    Spells: 9/9 levels left

rFire   + . .      SeeInvis .    a - +0 war axe
rCold   + . .      Faith    .    c - +0 buckler
rNeg    . . .      Spirit   .    O - +0 plate armour
rPois   +          Reflect  .    (helmet restricted)
rElec   .          Rampage  .    b - scarf {rC+ rF+}
rCorr   .                        P - +0 pair of gloves
Will    +....                    (no boots) Stlth
                                 m - amulet of the acrobat
HPRegen 0.32/turn                F - ring of willpower
MPRegen 0.11/turn                n - ring of poison resistance

@: studying Translocations, lightly drained, invisible
A: horns 2, retaliatory headbutt
a: Renounce Religion, Heroism


You were on level 8 of the Dungeon.
You worshipped Okawaru.
Okawaru was most pleased with you.
You visited 2 branches of the dungeon, and saw 10 of its levels.
You also visited: Sewer.

You collected 468 gold pieces.

Inventory:

Hand Weapons
 a - a +0 war axe (weapon)
Missiles
 g - 3 throwing nets (quivered)
 o - 103 stones
 J - 5 boomerangs
Armour
 b - a scarf of resistance (worn)
 c - a +0 buckler (worn)
 v - a +0 cloak
 O - a +0 plate armour (worn)
 P - a +0 pair of gloves (worn)
Jewellery
 f - a ring of protection from cold
 m - an amulet of the acrobat (around neck)
 n - a ring of poison resistance (right hand)
 F - a ring of willpower (left hand)
 H - a ring of wizardry
 K - a ring of magical power
Wands
 y - a wand of charming (5)
 M - a wand of iceblast (11)
Scrolls
 e - 6 scrolls of identify {unknown}
 h - 5 scrolls of fog {unknown}
 i - 2 scrolls of torment {unknown}
 j - 3 scrolls of magic mapping {unknown}
 l - a scroll of enchant weapon {unknown}
 t - 2 scrolls of poison {unknown}
 u - 4 scrolls of teleportation {unknown}
 w - 3 scrolls of amnesia {unknown}
 x - a scroll of summoning {unknown}
 A - a scroll of blinking {unknown}
 I - a scroll of noise {unknown}
 L - a scroll of fear {unknown}
 N - a scroll of immolation {unknown}
Potions
 d - 2 potions of might
 k - a potion of invisibility
 p - 5 potions of haste {unknown}
 q - 4 potions of curing {unknown}
 r - 4 potions of flight {unknown}
 s - 2 potions of mutation {unknown}
 z - 4 potions of magic {unknown}
 B - 3 potions of cancellation {unknown}
 C - a potion of resistance {unknown}
 D - a potion of brilliance {unknown}
 E - 2 potions of heal wounds {unknown}
 G - a potion of ambrosia


   Skills:
 - Level 3.9 Fighting
 + Level 16.7 Axes
 - Level 4.0 Armour
 - Level 3.9 Shields


You had 9 spell levels left.
You didn't know any spells.
Your spell library contained the following spells:

 Spells                   Type           Power      Damage    Failure   Level
 Kindle Blastsparks       Fire/Tloc/Air  0%         2d10      100%        3
 Teleport Other           Tloc           0%         N/A       100%        3
 Fulminant Prism          Conj/Hex       0%         3d5       100%        4
 Iskenderun's Mystic Bla  Conj/Tloc      0%         2d3       100%        4
 Lee's Rapid Deconstruct  Erth           0%         3d4*      100%        5


Dungeon Overview and Level Annotations

Branches:
Dungeon (9/15)             Temple (1/1) D:5            Lair (0/5) D:8
  Sewer (visited)
    Orc: D:9-12

Altars:
Cheibriados
Dithmenos
Elyvilon
Gozag
Hepliaklqana
Kikubaaqudgha
Makhleb
Nemelex Xobeh
Okawaru
Qazlal
Ru
Sif Muna
Trog
Uskayaw
Vehumet
Wu Jian
Yredelemnul
Zin
The Shining One

Shops:
D:1 [   D:5 *   D:7 :

Annotations:
D:5 2 transporters, Norrock's ghost, amateur DrFE


Innate Abilities, Weirdness & Mutations

You have a pair of horns on your head.
You reflexively headbutt those who attack you in melee.


Message History

You hit the killer bee but do no damage.
The killer bee is severely wounded.
You hit the killer bee. You closely miss the killer bee.
You feel sick. The killer bee stings you.
The killer bee stings you but does no damage.
The killer bee stings you.
The killer bee stings you but does no damage.
You block the killer bee's attack. The killer bee stings you!
You miss the killer bee.
You headbutt the killer bee, but do no damage.
The killer bee is severely wounded.
You barely miss the killer bee. You closely miss the wight.
You closely miss the killer bee.
You feel sick. The killer bee closely misses you. The killer bee stings you.
You block the killer bee's attack. The wight hits you with a +5 flail.
You are too injured to fight recklessly!
You are too injured to fight recklessly!
You are too injured to fight recklessly!
You closely miss the killer bee.
The killer bee is severely wounded.
You miss the killer bee. x2; You closely miss the wight.
You feel sick.
The killer bee stings you but does no damage.
You block the killer bee's attack. The killer bee stings you!
The killer bee stings you.
The killer bee stings you but does no damage.
The killer bee stings you!
* * * LOW HITPOINT WARNING * * *
The wight barely misses you.
You fade into invisibility!
You feel sick.
You are no longer poisoned.
The killer bee stings you.
* * * LOW HITPOINT WARNING * * *
The killer bee stings you.
* * * LOW HITPOINT WARNING * * *
The killer bee stings you but does no damage.
The killer bee stings you.
* * * LOW HITPOINT WARNING * * *
You block the killer bee's attack. x2; The wight hits you with a +5 flail!
You die...

#.# ##...## #.# #####...(.## #.#
####### ...........### #.#
#.....# .# #.....<.... #.#
#.###.# .# #.#........ #.# #.#
#.# .# #..##.### #.# #.# #.# .#
#.. #.# #
#.#########.###y###.#.#.#..##.###
.#.............y@z).....#........
#.#########.##.y#####.....###.###
### ##.##<.# ### #.# #
##...#..##### # #.# #
######..#..........##. .
#......###........... # ##
#.####..#.).#####..# #
.###.##...........#...# #...
.....##.###.8...8...8.# #..#


You could see 3 killer bees and a wight (unable to see you).

Vanquished Creatures
  A two-headed ogre (D:8)
  An unseen horror (D:6)
  Menkaure (D:7)
  Edmund (D:5)
  2 acid dragons
  2 water moccasins (D:5)
  A black bear (D:8)
  3 ice beasts
  A sky beast (D:6)
  2 centaurs
  2 phantoms (D:7)
  3 kobold brigands
  3 bullfrogs
  3 scorpions
  2 wights (D:8)
  A killer bee (D:8)
  3 hounds (D:6)
  4 jellies
  An orc priest (D:3)
  2 gnoll boudas
  Ijyb (D:3)
  2 iguanas
  6 orc wizards
  13 gnolls
  10 adders
  2 shadow imps (D:7)
  2 ufetubi
  4 worms
  4 dart slugs
  17 orcs
  9 bats
  11 endoplasms
  12 giant cockroaches
  9 goblins
  10 hobgoblins
  14 jackals
  12 quokkas
  21 ball pythons
  6 frilled lizards
  22 kobolds
  4 rats
230 creatures vanquished.

Vanquished Creatures (others)
  6 fungi (D:8)
  12 plants
  2 withered plants (D:3)
20 creatures vanquished.

Grand Total: 250 creatures vanquished

Notes
Turn   | Place    | Note
-------+----------+-------------------------------------------
     0 | D:1      | Darius099 the Minotaur Fighter began the quest for the Orb.
     0 | D:1      | Reached XP level 1. HP: 19/19 MP: 0/0
    43 | D:1      | Reached XP level 2. HP: 27/27 MP: 1/1
   296 | D:1      | Reached skill level 3 in Axes
   422 | D:1      | Reached XP level 3. HP: 32/33 MP: 2/2
   503 | D:1      | Found Zedun's Antique Armour Emporium.
   745 | D:2      | Found a hide-covered altar of Uskayaw.
   882 | D:2      | Reached skill level 4 in Axes
   884 | D:2      | Reached XP level 4. HP: 40/40 MP: 3/3
   888 | D:2      | Reached skill level 5 in Axes
   957 | D:2      | Got the Reference Book on the Singularity
  1035 | D:2      | Reached XP level 5. HP: 45/46 MP: 4/4
  1288 | D:2      | Found a faded altar of an unknown god.
  1500 | D:3      | Reached skill level 6 in Axes
  1664 | D:3      | Reached skill level 7 in Axes
  1786 | D:3      | Noticed Ijyb
  1791 | D:3      | Reached XP level 6. HP: 48/52 MP: 5/5
  1808 | D:3      | Killed Ijyb
  2014 | D:3      | Found a large runed translucent door.
  2014 | D:3      | Found a large runed translucent door.
  2109 | D:3      | Found a bloodstained altar of Trog.
  2369 | D:3      | Found a basalt altar of Yredelemnul.
  2473 | D:3      | Found an ancient bone altar of Kikubaaqudgha.
  2481 | D:3      | Found a burning altar of Makhleb.
  2608 | D:4      | Reached skill level 8 in Axes
  2677 | D:4      | Found a glowing drain.
  2703 | Sewer    | Entered a sewer
  2900 | Sewer    | Reached skill level 9 in Axes
  2900 | Sewer    | Reached XP level 7. HP: 58/58 MP: 6/6
  3280 | D:4      | Identified the +1 trident "Uciekhua" {drain, *Rage Fly rF+}
  3637 | D:5      | Entered Level 5 of the Dungeon
  3639 | D:5      | Noticed Edmund
  3647 | D:5      | Killed Edmund
  3648 | D:5      | Reached skill level 10 in Axes
  3956 | D:5      | Found Cepnas's Assorted Antiques.
  4041 | D:5      | Reached skill level 11 in Axes
  4041 | D:5      | Reached XP level 8. HP: 55/66 MP: 7/7
  4210 | D:5      | Noticed a hornet
  4210 | D:5      | Noticed Norrock's ghost (amateur DrFE)
  4215 | D:5      | Found a transporter.
  4219 | D:5      | Found a transporter.
  4545 | D:5      | Found a staircase to the Ecumenical Temple.
  4551 | Temple   | Entered the Ecumenical Temple
  4734 | Temple   | Became a worshipper of Warmaster Okawaru
  4851 | D:5      | Reached skill level 12 in Axes
  5265 | D:6      | You fall into a shaft and drop 3 floors!
  5392 | D:7      | Found a radiant altar of Vehumet.
  5498 | D:6      | Killed an unseen horror
  5498 | D:6      | Reached * piety under Okawaru
  5499 | D:6      | Reached skill level 13 in Axes
  5621 | D:6      | Reached XP level 9. HP: 40/71 MP: 8/8
  5791 | D:6      | Reached skill level 14 in Axes
  6331 | D:7      | Found Ycsocrofit's Book Emporium.
  6331 | D:7      | Noticed Menkaure
  6559 | D:7      | Killed Menkaure
  6559 | D:7      | Reached ** piety under Okawaru
  6727 | D:7      | Found a snail-covered altar of Cheibriados.
  6855 | D:7      | Reached skill level 15 in Axes
  6893 | D:7      | Found a shimmering blue altar of Sif Muna.
  7371 | D:8      | Found a staircase to the Lair.
  7413 | D:8      | Noticed a two-headed ogre
  7429 | D:8      | Killed a two-headed ogre
  7429 | D:8      | Reached *** piety under Okawaru
  7430 | D:8      | Reached skill level 16 in Axes
  7776 | D:8      | Reached XP level 10. HP: 71/77 MP: 9/9
  7944 | D:8      | Slain by a wight

Illustrated notes

Levels and vault maps discovered:
D:1:      tarquinn_simple_flora_water_e, layout_basic, serial_shops, shop,
          minmay_misc_feat_hallway, serial_bayou_pond_d,
          kennysheep_pointless_box
D:2:      layout_basic, nicolae_ecumenical_snake_handling, basic_altar,
          minmay_joined_circles
D:3:      layout_basic, yredelemnul_altar_generic, mainiacjoe_overflow_alcove_2,
          jmf_multi_god_temple2, kennysheep_generic_room_3, uniq_ijyb
D:4:      layout_gridville, gup_sewer_entry_pipe
D:5:      layout_basic, temple_green, serial_shops, shop, gammafunk_ghost_hive,
          grunt_decor_mini_mirrors, eino_tiny_chamber, uniq_edmund
D:6:      layout_rooms, hangedman_glass_teeth, grunt_ministairs_11,
          corexii_checkpoint_a
D:7:      layout_gridville, cheibriados_altar_1, nicolae_vehumet_radiance,
          lemuel_tele_altar, serial_shops, nicolae_shop_advertising_works
          [nicolae_subvault_shop_adworks], uniq_menkaure
D:8:      layout_loops_ring, dpeg_oklobed_lair, st_stairs_7,
          minmay_misc_feat_four_crosses, minmay_ruined_shrine
D:9:      layout_roguey
Temple:   nicolae_temple_figure_eight

Skill      XL: |  1  2  3  4  5  6  7  8  9 |
---------------+----------------------------+-----
Armour         | 4 |  4.0
Axes           | 3 4 5 7 9 11 13 16 | 16.7
Fighting       | |  3.9
Shields        | |  3.9

Action                     |  1- 3 |  4- 6 |  7- 9 | 10-12 || total
---------------------------+-------+-------+-------+-------++-------
  Melee: War axe           |    72 |   205 |   268 |    10 ||   555
         Headbutt          |     3 |    22 |    55 |     3 ||    83
 Invoke: Heroism           |       |       |     1 |       ||     1
    Use: Potion            |       |     1 |       |     1 ||     2
 Armour: Scale mail        |    33 |    90 |    94 |       ||   217
         Plate armour      |       |       |    16 |     8 ||    24
  Dodge: Dodged            |    59 |   113 |   120 |     4 ||   296
  Block: Buckler           |    16 |    40 |    39 |     7 ||   102

Table legend: (Time is in decaauts)
 A = Elapsed time spent in this place.
 B = Non-inter-level travel time spent in this place.
 C = Inter-level travel time spent in this place.
 D = Time resting spent in this place.
 E = Time spent auto-exploring this place.
 F = Levels seen in this place.
 G = Mean time per level.
                   A        B        C        D        E       F      G
               +--------+--------+--------+--------+--------+-----+--------+
         Total |   8009 |   7860 |    149 |   1368 |   4479 |  11 |  728.1 |
       Dungeon |   7515 |   7381 |    134 |   1368 |   4183 |   9 |  835.0 |
        Temple |    231 |    216 |     15 |      0 |    173 |   1 |  231.0 |
         Sewer |    262 |    262 |      0 |      0 |    122 |   1 |  262.0 |
               +--------+--------+--------+--------+--------+-----+--------+

Top non-repeatable levels by time:
     D:6: 1267 daAuts
     D:5: 1244 daAuts
     D:3: 1026 daAuts
     D:7: 934 daAuts
     D:4: 911 daAuts
     D:2: 822 daAuts
     D:1: 710 daAuts
     D:8: 596 daAuts
   Sewer: 262 daAuts
  Temple: 231 daAuts
     D:9: 2 daAuts
